 Dungeon Crawl Stone Soup version 0.20.1-1-g8b1a95d (webtiles) character file.

291 Ceann the Stinger (level 6, -2/37 HPs)
             Began as an Octopode Venom Mage on Sept 29, 2017.
             Killed by divine providence
             ... invoked by an orc priest
              (11 damage)
             ... on level 4 of the Dungeon.
             The game lasted 00:10:04 (3660 turns).

Ceann the Stinger (Octopode Venom Mage)             Turns: 3660, Time: 00:10:04

Health: -2/37      AC:  1    Str:  7    XL:     6   Next: 32%
Magic:  1/11       EV: 13    Int: 20    God:
Gold:   149        SH:  0    Dex: 12    Spells: 7/11 levels left

rFire    . . .     SeeInvis .     - Unarmed
rCold    . . .     Gourm    .   (no shield)
rNeg     . . .     Faith    .   (helmet restricted)
rPois    .         Spirit   .   (no amulet)
rElec    .         Reflect  .   n - ring of protection from magic
rCorr    .         Harm     .   (no ring)
MR       +....                  (no ring)
Stlth    +++.......             (no ring)
Regen    0.2/turn               (no ring)
MPRegen  0.2/turn               (no ring)
                                (no ring)
                                (no ring)

@: flying
A: almost no armour, stealthy swim, amphibious, 8 rings, constrict 8, camouflage
1, gelatinous body 1
a: no special abilities


You were on level 4 of the Dungeon.
You were not hungry.

You visited 1 branch of the dungeon, and saw 4 of its levels.
You also visited: Sewer.

You collected 149 gold pieces.

Inventory:

Jewellery
 n - a ring of protection from magic (left tentacle)
 w - an uncursed ring of ice
Scrolls
 c - 3 scrolls of identify {unknown}
 e - a scroll of fear {unknown}
 h - 2 scrolls of teleportation {unknown}
 k - a scroll of magic mapping {unknown}
 m - a scroll of recharging {unknown}
 o - a scroll of fog {unknown}
 s - a scroll of enchant weapon {unknown}
 v - 2 scrolls of remove curse {unknown}
 x - a scroll of amnesia {unknown}
Potions
 d - 2 potions of invisibility {unknown}
 f - 2 potions of might {unknown}
 i - 2 potions of flight
 j - 9 potions of heal wounds {unknown}
 p - a potion of agility {unknown}
 q - 2 potions of mutation {unknown}
 r - a potion of magic {unknown}
 t - 4 potions of curing {unknown}
 u - 2 potions of brilliance {unknown}
Books
 a - a Young Poisoner's Handbook

   Spells                             Type                      Level
   a - Sting                          Conjuration/Poison           1
   b - Poisonous Vapours              Poison/Air                   2
   c - Mephitic Cloud                 Conjuration/Poison/Air       3
   d - Olgreb's Toxic Radiance        Poison                       4
   e - Venom Bolt                     Conjuration/Poison           5
Comestibles
 b - 6 bread rations
 g - a royal jelly
 l - a meat ration
 z - 7 chunks of flesh


   Skills:
 + Level 0.4 Fighting
 + Level 2.3 Dodging
 + Level 3.6 Stealth
 + Level 1.1 Unarmed Combat
 + Level 3.3 Spellcasting
 + Level 3.0 Conjurations
 * Level 0.6 Air Magic
 + Level 5.3 Poison Magic


You had 7 spell levels left.
You knew the following spells:

 Your Spells              Type           Power        Failure   Level  Hunger
a - Sting                 Conj/Pois      ###.         2%          1    None
b - Mephitic Cloud        Conj/Pois/Air  ###.....     12%         3    ###....


Dungeon Overview and Level Annotations

Branches:
Dungeon (4/15)
 Temple: D:4-7

Altars:
Dithmenos
Nemelex Xobeh
Xom

Annotations:
D:3 felt's ghost, amateur SpAs


Innate Abilities, Weirdness & Mutations

You cannot wear most types of armour.
You are very stealthy in the water. (Stealth+)
You are amphibious.
You can wear up to eight rings at the same time.
You can use your tentacles to constrict eight enemies at once.
Your skin changes colour to match your surroundings (Stealth+).
Your rubbery body absorbs attacks. (AC +1, EV +1)


Message History

The sting hits the orc priest.
The orc priest appears unharmed.
The orc priest is heavily wounded.
You constrict the orc priest, but do no damage.
The orc priest misses you.
Unknown command.
You tentacle-slap the orc priest but do no damage.
The orc priest is heavily wounded.
You constrict the orc priest, but do no damage.
The orc priest closely misses you.
You tentacle-slap the orc priest.
The orc priest is heavily wounded.
You constrict the orc priest.
The orc priest hits you with a short sword.
* * * LOW HITPOINT WARNING * * *
It was a potion of flight.
You feel very buoyant.
You fly up into the air.
You constrict the orc priest.
The orc priest calls down the wrath of Beogh upon you.
Beogh smites you!
You die...

#.......# #.# #.......#
#.# ##.####.#
#.######### ##.##
#)######.........#
.....##.#........#####.#
##......#........# #.#
.................# #.#
............###### #.#
.......@....# #.#
......#o##### #.#
#.....#.# #.#
....#.#.##############.#
#.#.#.#.##.............#
#.#.#.#.##.#############
#.#......# #......#)# #
###.###.##.###.#


You could see an orc priest.

Vanquished Creatures
  A big kobold (Sewer)
  A hound (D:4)
  An orc wizard (D:4)
  4 adders
  An ooze (Sewer)
  3 worms
  2 dart slugs (D:2)
  7 leopard geckos
  9 orcs
  11 bats
  4 giant cockroaches
  5 goblins
  8 hobgoblins
  2 jackals (D:4)
  3 quokkas
  2 ball pythons (Sewer)
  6 frilled lizards
  17 kobolds
  9 rats
96 creatures vanquished.

Notes
Turn   | Place    | Note
-------+----------+-------------------------------------------
     0 | D:1      | Ceann the Octopode Venom Mage began the quest for the Orb.
     0 | D:1      | Reached XP level 1. HP: 11/11 MP: 3/3
   194 | D:1      | Reached XP level 2. HP: 17/17 MP: 0/5
   627 | D:2      | Reached skill level 4 in Poison Magic
   786 | D:2      | Reached XP level 3. HP: 21/21 MP: 0/6
  1133 | D:2      | Learned a level 3 spell: Mephitic Cloud
  1328 | D:2      | Found a shadowy altar of Dithmenos.
  1328 | D:2      | Found a sparkling altar of Nemelex Xobeh.
  1329 | D:2      | Found a shimmering altar of Xom.
  1597 | D:3      | Reached XP level 4. HP: 27/27 MP: 5/7
  1714 | D:3      | Found a glowing drain.
  1799 | Sewer    | Entered a sewer
  2189 | Sewer    | Noticed a big kobold
  2272 | Sewer    | Killed a big kobold
  2272 | Sewer    | Reached skill level 5 in Poison Magic
  2272 | Sewer    | Reached XP level 5. HP: 27/32 MP: 0/9
  2756 | D:3      | Noticed felt's ghost (amateur SpAs)
  3409 | D:4      | Reached skill level 1 in Unarmed Combat
  3409 | D:4      | Reached XP level 6. HP: 37/37 MP: 2/10
  3660 | D:4      | Killed from afar by an orc priest

Skill      XL: |  1  2  3  4  5  6 |
---------------+-------------------+-----
Stealth        | 3 |  3.6
Poison Magic   | 4 5 |  5.3
Conjurations   | 2 3 |  3.0
Spellcasting   | 3 |  3.3
Unarmed Combat | 1 |  1.1
Fighting       | |  0.4
Dodging        | |  2.3
Air Magic      | |  0.6

Action                   |  1- 3 |  4- 6 || total
-------------------------+-------+-------++-------
Melee: Unarmed           |    14 |    53 ||    67
       Constrict         |     6 |    17 ||    23
       Tentacles         |     4 |     9 ||    13
 Cast: Sting             |    65 |   120 ||   185
       Mephitic Cloud    |       |     4 ||     4
  Use: Potion            |       |     1 ||     1
  Eat: Chunk             |     2 |     7 ||     9
Armor: Skin              |       |     3 ||     3
Dodge: Dodged            |    17 |    47 ||    64
